 Dungeon Crawl Stone Soup version 0.26.1-2-gb8aa6d0cf2 (webtiles) character file.

Game seed: 10536445630261187615

88 axecop the Shooter (level 4, -4/39 HPs)
             Began as a Naga Wanderer on Mar 4, 2021.
             Slain by an ogre
             ... wielding a +0 giant club
              (5 damage)
             ... on level 4 of the Dungeon.
             The game lasted 00:02:17 (2394 turns).

axecop the Shooter (Naga Wanderer)                  Turns: 2394, Time: 00:02:18

Health: -4/39      AC:  8    Str: 14    XL:     4   Next: 54%
Magic:  7/7        EV:  7    Int: 11    God:
Gold:   91         SH:  0    Dex: 13    Spells: 7/7 levels left

rFire    . . .     SeeInvis +   b - +0 dagger
rCold    . . .     Faith    .   (no shield)
rNeg     . . .     Spirit   .   c - +2 scale mail
rPois    +         Reflect  .   (no helmet)
rElec    .         Harm     .   (no cloak)
rCorr    .         Rampage  .   h - +0 pair of gloves (curse)
Will     .....                  (no barding)
Stlth    ..........             (no amulet)
HPRegen  0.13/turn              (no ring)
MPRegen  0.10/turn              (no ring)

@: about to teleport, short of breath, very slow
A: large, see invisible, deformed body, poison resistance, slowness 2, spit
poison 1, AC +1
a: Spit Poison


You were on level 4 of the Dungeon.
You visited 1 branch of the dungeon, and saw 3 of its levels.

You collected 91 gold pieces.

Inventory:

Hand Weapons
 a - a +0 shortbow
 b - a +0 dagger (weapon)
Missiles
 i - a throwing net
 j - 13 arrows
 l - 7 poisoned darts
 o - 4 silver javelins (quivered)
Armour
 c - a +2 scale mail (worn)
 h - a cursed +0 pair of gloves (worn)
 k - a +0 tower shield
Jewellery
 n - a cursed -4 ring of strength {unknown}
Scrolls
 d - 2 scrolls of teleportation
 e - a scroll of fear {unknown}
 f - a scroll of magic mapping {unknown}
 g - 2 scrolls of blinking {unknown}
 m - a scroll of remove curse {unknown}
Potions
 p - a potion of curing {unknown}
 q - a potion of resistance {unknown}


   Skills:
 + Level 1.7 Fighting
 + Level 3.3 Bows
 + Level 2.3 Armour
 - Level 1.0 Shields
 + Level 2.0 Spellcasting
 - Level 2.0 Earth Magic
 - Level 1.0 Evocations


You had 7 spell levels left.
You didn't know any spells.
Your spell library was empty.

Dungeon Overview and Level Annotations

Branches:
Dungeon (2/15)

Altars:
Dithmenos
Qazlal


Innate Abilities, Weirdness & Mutations

You cannot wear boots.
Your serpentine skin is tough. (AC +1)
You have supernaturally acute eyesight. (SInv)
Armour fits poorly on your strangely shaped body.
Your system is resistant to poisons. (rPois)
You cover ground very slowly.
You can spit poison.


Message History

An ogre is nearby!
An ogre is nearby!
You barely miss the ogre. The ogre completely misses you.
You hit the ogre.
The ogre is lightly wounded.
The ogre hits you with a +0 giant club!!
Unknown command.
Press: ? - help, Shift-Dir - straight line, f - ogre
Aim: an ogre, wielding a +0 giant club (lightly wounded)
The splash of poison hits the ogre!
The ogre is poisoned.
The ogre is heavily wounded.
Unknown command.
As you read the scroll of teleportation, it crumbles to dust.
You feel strangely unstable.
The ogre hits you with a +0 giant club!!
Ouch! That really hurt!
* * * LOW HITPOINT WARNING * * *
Okay, then.
The ogre hits you with a +0 giant club.
You die...

###..# ..###..# .#
.....###..#..# #.#
###...##.....##..###
...................#
##..##.........# ..#
##.####..._...####.##
#...##.........##...#
#...................#.##
...#..##.....##.@O.....#
>....###..#..###.(..$....#
...#.##..###..##.###...#.#
#.##.....# #.....# #.##
#.######.. ...#### ## #.#
#.....## #.. ####+## #..
##.#


You could see an ogre (poisoned).

Vanquished Creatures
  An orc wizard (D:4)
  An adder (D:4)
  An adder skeleton (D:4)
  2 dart slugs (D:1)
  3 leopard geckos
  3 orcs (D:4)
  2 bats (D:1)
  3 giant cockroaches
  7 hobgoblins
  2 quokkas (D:2)
  A ball python (D:2)
  3 frilled lizards
  5 goblins (D:1)
  3 kobolds (D:1)
  3 rats (D:2)
40 creatures vanquished.

Notes
Turn   | Place    | Note
-------+----------+-------------------------------------------
     0 | D:1      | axecop the Naga Wanderer began the quest for the Orb.
     0 | D:1      | axecop set off with the following items: a +0 shortbow, a
                  | scroll of teleportation, a +2 scale mail, 24 arrows
     0 | D:1      | Reached XP level 1. HP: 15/15 MP: 2/2
    53 | D:1      | Reached XP level 2. HP: 23/24 MP: 3/3
   453 | D:1      | Reached skill level 1 in Fighting
   657 | D:1      | Reached skill level 3 in Bows
   657 | D:1      | Reached XP level 3. HP: 30/31 MP: 5/5
  1747 | D:2      | You fall into a shaft and drop 2 floors!
  1832 | D:4      | Found a stormy altar of Qazlal.
  1984 | D:4      | Reached XP level 4. HP: 31/38 MP: 6/6
  2166 | D:4      | Found a shadowy altar of Dithmenos.
  2386 | D:4      | Noticed an ogre
  2392 | D:4      | HP: 1/39 [ogre/+0 giant club (20)]
  2394 | D:4      | Slain by an ogre

Illustrated notes

Levels and vault maps discovered:
D:1:      psy_arrival_radial01, layout_basic
D:2:      layout_basic, nicolae_overflow_crystal_walls, lemuel_crystal_altar,
          minmay_misc_feat_square
D:4:      layout_loops_corners, nicolae_dithmenos_shadow_blocks,
          overflow_temple_1_default, lemuel_zombie_altar_kikubaaqudgha,
          nicolae_qazlal_general_emergency, glass_columns_b, minmay_quantized

Skill      XL: |  1  2  3  4 |
---------------+-------------+-----
Fighting       | 1 |  1.7
Bows           | 3 |  3.3
Armour         | 2 |  2.3
Spellcasting   | 2 |  2.0
Shields        | |  1.0
Earth Magic    | |  2.0
Evocations     | |  1.0

Action                   |  1- 3 |  4- 6 || total
-------------------------+-------+-------++-------
Melee: Dagger            |    89 |    33 ||   122
 Fire: Shortbow          |    69 |       ||    69
Throw: Javelin           |       |     4 ||     4
 Abil: Spit Poison       |     6 |     5 ||    11
  Use: Scroll            |       |     1 ||     1
Armor: Scale mail        |    93 |    19 ||   112
Dodge: Dodged            |    37 |    12 ||    49
